 Dungeon Crawl Stone Soup version 0.20-a0-972-gb9bd3e6 (webtiles) character file.

2167 MTVSty1e the Skirmisher (level 9, 0/79 HPs)
             Began as a Centaur Fighter on Sept 1, 2016.
             Was a Priest of Dithmenos.
             Succumbed to a killer bee's poison
             ... on level 7 of the Dungeon on Apr 9, 2017.
             The game lasted 00:16:33 (6038 turns).

MTVSty1e the Skirmisher (Centaur Fighter)           Turns: 6038, Time: 00:16:34

Health: 0/79       AC: 10    Str: 25    XL:     9   Next: 10%
Magic:  9/9        EV: 14    Int:  5    God:    Dithmenos [***...]
Gold:   371        SH: 10    Dex: 14    Spells: 8/8 levels left

rFire    . . .     SeeInvis .   a - +0 war axe
rCold    . . .     Gourm    .   c - +0 shield
rNeg     . . .     Faith    .   k - quicksilver dragon scales
rPois    .         Spirit   .   i - +0 helmet
rElec    +         Reflect  .   (no cloak)
rCorr    .         Harm     .   (no gloves)
MR       +....     Clarity  +   (no barding)
Stlth    ++........             (no amulet)
Regen    0.3/turn               u - +3 ring of strength
MPRegen  0.2/turn               (no ring)

@: agile, lethally poisoned (0 -> -28), wreathed by umbra, very quick
A: hooves 3, clarity, deformed body, dopey 1, speed 2, electricity resistance,
tough skin 3
a: Shadow Step, Renounce Religion


You were on level 7 of the Dungeon.
You worshipped Dithmenos.
Dithmenos was most pleased with you.
You were full.

You visited 1 branch of the dungeon, and saw 7 of its levels.

You collected 371 gold pieces.

Inventory:

Hand Weapons
 a - a +0 war axe (weapon)
Armour
 c - a +0 shield (worn)
 i - a +0 helmet (worn)
 k - quicksilver dragon scales (worn)
Jewellery
 j - a +5 ring of strength
 u - a +3 ring of strength (left hand)
Wands
 r - a wand of enslavement (19/24)
 A - a wand of confusion (23/48)
Scrolls
 h - 2 scrolls of fog {unknown}
 l - 5 scrolls of identify
 m - 3 scrolls of teleportation
 q - 4 scrolls of fear {unknown}
 s - a scroll of remove curse
 t - a scroll of blinking {unknown}
 x - a scroll of enchant weapon {unknown}
 y - 2 scrolls of amnesia {unknown}
Potions
 b - a potion of invisibility {unknown}
 d - a potion of might
 e - a potion of haste {unknown}
 g - 6 potions of mutation
 n - 2 potions of agility
 o - 2 potions of brilliance
 w - 2 potions of flight {unknown}
 B - a potion of curing {unknown}
Comestibles
 f - 5 bread rations
 p - 7 fruits
 v - 3 royal jellies


   Skills:
 * Level 7.6 Fighting
 + Level 4.7 Axes
 + Level 4.3 Armour
 + Level 3.4 Dodging
 + Level 4.4 Shields


You had 8 spell levels left.
You didn't know any spells.

Dungeon Overview and Level Annotations

Branches:
Dungeon (7/15)             Temple (0/1) D:6

Altars:
Ashenzari
Cheibriados
Dithmenos
Gozag
Vehumet
Xom
Yredelemnul
The Shining One


Innate Abilities, Weirdness & Mutations

You have hooves in place of feet.
Armour fits poorly on your strangely shaped body.
You cover ground very quickly.
You have extremely tough skin. (AC +3)
You possess an exceptional clarity of mind.
You are dopey. (Int -2)
You are resistant to electric shocks. (rElec)


Message History

You feel very sick. You block the killer bee's attack. x2
You miss the killer bee. Your kick misses the killer bee.
The killer bee is moderately wounded.
* * * LOW HITPOINT WARNING * * *
You feel very sick. The killer bee barely misses you.
The killer bee stings you.
* * * LOW HITPOINT WARNING * * *
You block the killer bee's attack.
It was a potion of mutation.
You feel extremely strange.
Your thoughts seem clearer.
You feel stupid.
You feel insulated.
* * * LOW HITPOINT WARNING * * *
You feel sick. The killer bee stings you.
* * * LOW HITPOINT WARNING * * *
You are more poisoned.
The killer bee poisons you!
The killer bee stings you but does no damage.
It was a potion of agility.
You feel agile all of a sudden.
You die...

.> #.# ### #.# .. ..
#.# ##.. #. #.#
...##.##.# .##
###.......########....
#.............y†......
#.....#...#.#.@.#.
##......#.#...#†#......
#....#...#.....#...#...
#.....#..#...).#..#.. .
##..#...###.....###...#
.....#..#..#...#..
..#..
..#...###...#.#...#
#...
.....#...#...#...#. #.
....#.....#..
..#.....#..


You could see a killer bee.

Vanquished Creatures
  Pikel (D:5)
  The ghost of nikopol the Magician, a novice DEFE (D:4)
  Sigmund (D:2)
  A sky beast (D:6)
  A phantom (D:4)
  3 centaurs
  An ogre (D:6)
  A bullfrog (D:6)
  A wyvern zombie (D:6)
  A scorpion (D:4)
  3 killer bees (D:7)
  A crimson imp (D:5)
  2 hounds
  A jelly (D:5)
  3 orc priests
  Ijyb (D:3)
  An orc wizard (D:7)
  3 worker ants
  A hound zombie (D:5)
  A howler monkey zombie (D:5)
  Robin (D:3)
  A howler monkey skeleton (D:4)
  8 adders
  A shadow imp (D:6)
  A white imp (D:6)
  2 oozes
  An adder skeleton (D:4)
  3 worms
  3 dart slugs
  3 leopard geckos
  8 orcs
  4 bats
  4 giant cockroaches
  11 goblins
  9 hobgoblins
  4 jackals (D:2)
  8 kobolds
  2 ball pythons (D:2)
  9 frilled lizards
  A giant cockroach zombie (D:5)
  A goblin skeleton (D:6)
  5 hobgoblin zombies (D:6)
  2 kobold zombies (D:6)
  6 rats
127 creatures vanquished.

Vanquished Creatures (others)
  A giant cockroach (D:5)
1 creature vanquished.

Grand Total: 128 creatures vanquished

Notes
Turn   | Place    | Note
-------+----------+-------------------------------------------
     0 | D:1      | MTVSty1e the Centaur Fighter began the quest for the Orb.
     0 | D:1      | Reached XP level 1. HP: 19/19 MP: 1/1
   354 | D:1      | Reached XP level 2. HP: 25/26 MP: 2/2
   915 | D:2      | Reached XP level 3. HP: 31/31 MP: 3/3
  1104 | D:2      | Noticed Sigmund
  1119 | D:2      | Killed Sigmund
  1119 | D:2      | Reached skill level 4 in Fighting
  1119 | D:2      | Reached skill level 1 in Dodging
  1119 | D:2      | Reached XP level 4. HP: 2/41 MP: 4/4
  1119 | D:2      | Reached XP level 5. HP: 3/47 MP: 5/5
  1417 | D:2      | Upgraded the game from 0.19-a0-1341-g3513869 to 0.20-a0-967-g62cfa5d
  1417 | D:2      | Upgraded the game from 0.20-a0-967-g62cfa5d to 0.20-a0-972-gb9bd3e6
  1635 | D:2      | Found a faded altar of an unknown god.
  1690 | D:2      | Became a worshipper of Dithmenos the Shadowed
  1690 | D:2      | Reached * piety under Dithmenos
  2432 | D:3      | Noticed Robin
  2442 | D:3      | Killed Robin
  2677 | D:3      | Found a radiant altar of Vehumet.
  2693 | D:3      | Reached XP level 6. HP: 47/53 MP: 6/6
  2803 | D:3      | Found a glowing golden altar of the Shining One.
  2912 | D:3      | Noticed Ijyb
  2926 | D:3      | Killed Ijyb
  3242 | D:4      | Found a basalt altar of Yredelemnul.
  3262 | D:4      | Reached skill level 5 in Fighting
  3283 | D:4      | Reached XP level 7. HP: 46/61 MP: 7/7
  3303 | D:4      | Found a shimmering altar of Xom.
  3305 | D:4      | Found an opulent altar of Gozag.
  3305 | D:4      | Found a shattered altar of Ashenzari.
  3307 | D:4      | Found a sacrificial altar of Ru.
  3307 | D:4      | Found a snail-covered altar of Cheibriados.
  3307 | D:4      | Found a shimmering altar of Xom.
  3345 | D:4      | Reached ** piety under Dithmenos
  3412 | D:4      | Noticed nikopol's ghost (novice DEFE)
  3429 | D:4      | Killed nikopol's ghost
  3783 | D:4      | Reached skill level 6 in Fighting
  4144 | D:5      | Entered Level 5 of the Dungeon
  4204 | D:5      | Reached XP level 8. HP: 59/70 MP: 8/8
  4271 | D:5      | Noticed Pikel
  4286 | D:5      | Killed Pikel
  4786 | D:6      | Reached skill level 7 in Fighting
  4951 | D:6      | Found a glowing golden altar of the Shining One.
  5247 | D:6      | Found a staircase to the Ecumenical Temple.
  5996 | D:7      | Reached XP level 9. HP: 76/79 MP: 9/9
  5999 | D:7      | Reached *** piety under Dithmenos
  6037 | D:7      | Gained mutation: You possess an exceptional clarity of mind. [potion of mutation]
  6037 | D:7      | Gained mutation: You are dopey. (Int -2) [potion of mutation]
  6037 | D:7      | Gained mutation: You are resistant to electric shocks. (rElec) [potion of mutation]
  6037 | D:7      | HP: 3/79 [killer bee (5)]
  6038 | D:7      | Succumbed to a killer bee's poison

Vault maps used:
D:1:      dpeg_arrival_snail
D:2:      ecumenical_altar_2, first_bread, uniq_sigmund, uniq_robin
D:3:      tso_oasis_becter, vehumet_crystals, glass_columns_a,
          bh_walls_and_bars, uniq_iyjb
D:4:      lemuel_crystal_altar, doesnt_xom_only_xom
D:5:      uniq_pikel
D:6:      temple_green, corexii_corridor_pit, nicolae_tso_besieged_by_evil
D:7:      serial_shops, nicolae_shop_crystal, minmay_splitting_lines,
          grunt_livestock

Skill      XL: |  1  2  3  4  5  6  7  8 |
---------------+-------------------------+-----
Axes           | 2 3 4 |  4.7
Fighting       | 4 5 6 7 |  7.6
Dodging        | 1 2 3 |  3.4
Armour         | 3 4 |  4.3
Shields        | 3 4 |  4.4

Action                   |  1- 3 |  4- 6 |  7- 9 || total
-------------------------+-------+-------+-------++-------
Melee: War axe           |    78 |   162 |   217 ||   457
       Kick              |    14 |    42 |    59 ||   115
  Use: Potion            |     1 |       |     4 ||     5
       Scroll            |       |     4 |       ||     4
  Eat: Meat ration       |       |     1 |     1 ||     2
       Fruit             |       |     1 |     1 ||     2
       Bread ration      |       |       |     1 ||     1
       Chunk             |       |       |     2 ||     2
Armor: Scale mail        |    11 |       |       ||    11
       Quicksilver drago |    27 |    66 |   118 ||   211
Dodge: Dodged            |    21 |    59 |   116 ||   196
Block: Shield            |    50 |    79 |   126 ||   255
